 Dungeon Crawl Stone Soup version 0.30-a0-965-g42e074c17a (webtiles) character file.

Game seed: 9201159771238452450

1592296 Datul the Djinni Barricade (level 27, 238/238 HPs)
             Began as a Djinni Fighter on Mar 13, 2023.
             Was the Champion of Trog.
             Escaped with the Orb
             ... and 3 runes on Mar 30, 2023!
             The game lasted 06:49:09 (73652 turns).

Datul the Djinni Barricade (Djinni Fighter)        Turns: 73652, Time: 06:49:09

Health: 238/238    AC: 21    Str: 19    XL:     27
Gold:   5565       EV: 24    Int:  9    God:    Trog [******] SH: 35 Dex: 24

rFire   + + +      SeeInvis +    J - +6 double sword "Jiwnuol" {freeze, Drain rElec Dex+3 SInv}
rCold   + . .      Faith    .    c - +2 tower shield {rC+}
rNeg    + . .      Spirit   .    V - +4 gold dragon scales
rPois   ∞          Reflect  +    A - +0 hat {Will+}
rElec   +          Rampage  .    q - +1 cloak of Starlight {*Dazzle EV+4 Stlth--}
rCorr   +                        o - +1 pair of gloves "Koceisot" {Slay+2}
Will    +++..                    (boots unavailable) Stlth
                                 O - amulet of reflection
HPRegen 0.59/turn                a - ring of Feyxow {+Blink rPois rN+ rCorr Int-3}
MPRegen 0.00/turn                M - ring of the Hare {EV+10}

@: flying, studying Staves
A: sickness immunity, fire resistance 2, cold vulnerability 1, float, innate
caster, HP casting, extra vitality 1, see invisible, deformed body,
deterioration 1, robust 1
0: Orb of Zot
}: 3/15 runes: serpentine, barnacled, slimy
a: Renounce Religion, Evoke Blink, Berserk, Trog's Hand, Brothers in Arms


You escaped.
You worshipped Trog.
Trog was exalted by your worship.
You visited 10 branches of the dungeon, and saw 51 of its levels.
You also visited: Trove, Ossuary, Ice Cave, Volcano and Desolation.

You collected 8225 gold pieces.
You spent 2660 gold pieces at shops.

Inventory:

Hand Weapons
 u - a +9 double sword of freezing
 J - the +6 double sword "Jiwnuol" (weapon) {freeze, Drain rElec Dex+3 SInv}
   (You acquired it on level 4 of the Vaults)

   Dex:       It affects your dexterity (+3).
   rElec:     It insulates you from electricity.
   SInv:      It lets you see invisible.
   Drain:     It drains your maximum health when unequipped.
Missiles
 I - 13 javelins
 L - 10 curare-tipped darts
 P - 12 silver javelins
 U - 5 boomerangs (quivered)
 Y - 2 throwing nets
Armour
 c - a +2 tower shield of cold resistance (worn)
 f - the +0 pair of gloves of Agoraphobia {rElec rC+}
   (You found it in a treasure trove)

   rC:        It protects you from cold.
   rElec:     It insulates you from electricity.
 l - the +1 helmet "Cumpaycuco" {Int+3 Dex+2}
   (You found it in a treasure trove)

   Int:       It affects your intelligence (+3).
   Dex:       It affects your dexterity (+2).
 o - the +1 pair of gloves "Koceisot" (worn) {Slay+2}
   (You acquired it on level 11 of the Dungeon)

   Slay:      It affects your accuracy & damage with ranged weapons and melee
   (+2).
 q - the +1 cloak of Starlight (worn) {*Dazzle EV+4 Stlth--}
   (You found it on level 5 of the Pits of Slime)

   *Dazzle:   It may blind those who miss an attack against the wearer in melee
   combat.
   EV:        It affects your evasion (+4).
   Stlth:     It makes you much less stealthy.
 A - a +0 hat of willpower (worn)
 V - +4 gold dragon scales (worn)
Jewellery
 a - the ring of Feyxow (left hand) {+Blink rPois rN+ rCorr Int-3}
   (You found it on level 3 of the Elven Halls)

   [ring of positive energy]

   Int:       It affects your intelligence (-3).
   rPois:     It protects you from poison.
   rN:        It protects you from negative energy.
   +Blink:    It lets you blink.
   rCorr:     It protects you from acid and corrosion.
 b - the ring of Ywniar {rN++ Int-5 Dex+6}
   (You found it on level 3 of the Elven Halls)

   [ring of dexterity]

   Int:       It affects your intelligence (-5).
   Dex:       It affects your dexterity (+6).
   rN:        It greatly protects you from negative energy.
 h - the ring of Nanuwyech {Will+ Str+4}
   (You found it in the Desolation of Salt)

   [ring of willpower]

   Str:       It affects your strength (+4).
   Will:      It increases your willpower.
 G - the ring "Ylaex" {Wiz rN+ Slay+3}
   (You found it on level 4 of the Shoals)

   [ring of wizardry]

   It improves your spell success rate.
   Slay:      It affects your accuracy & damage with ranged weapons and melee
   (+3).
   rN:        It protects you from negative energy.
 M - the ring of the Hare (right hand) {EV+10}
   (You found it on level 3 of the Elven Halls)

   [ring of evasion]

   EV:        It affects your evasion (+10).
 O - an amulet of reflection (around neck)
 R - the ring "Rawapor" {*Corrode rF+ rC++ rN+ Str+6}
   (You bought it in a shop on level 1 of the Orcish Mines)

   [ring of strength]

   Str:       It affects your strength (+6).
   rF:        It protects you from fire.
   rC:        It greatly protects you from cold.
   rN:        It protects you from negative energy.
   *Corrode:  It may corrode you when you take damage.
Wands
 x - a wand of light (7)
 N - a wand of roots (40)
 S - a wand of digging (7)
 Z - a wand of flame (20)
Scrolls
 g - 2 scrolls of immolation
 j - a scroll of silence
 n - 11 scrolls of fog
 p - 2 scrolls of butterflies
 t - 10 scrolls of vulnerability
 C - 8 scrolls of poison
 E - 16 scrolls of teleportation
 K - 3 scrolls of magic mapping
 W - 8 scrolls of fear
 X - 3 scrolls of blinking
Potions
 d - 7 potions of might
 i - 3 potions of ambrosia
 k - 3 potions of heal wounds
 m - 7 potions of haste
 s - 9 potions of cancellation
 v - 22 potions of curing
 w - 10 potions of attraction
 D - 2 potions of invisibility
 F - 7 potions of lignification
 H - 4 potions of mutation
 Q - a potion of resistance
Miscellaneous
 e - a lightning rod (4/4)
 r - a phantom mirror
 y - a phial of floods
 z - a condenser vane
 B - a tin of tremorstones (2/2)
 T - a box of beasts


   Skills:
 + Level 23.9 Fighting
 - Level 16.0 Long Blades
 - Level 14.0 Throwing
 - Level 12.0 Armour
 - Level 14.0 Dodging
 O Level 27 Shields
 - Level 12.0 Evocations


You knew the following spells:

 Your Spells              Type           Power      Damage    Failure   Level
a - Sting                 Tmut/Pois      0%         1d3       100%        1
b - Ensorcelled Hibernat  Hex/Ice        0%         N/A       100%        2
c - Teleport Other        Tloc           0%         N/A       100%        3
d - Airstrike             Air            0%         2d(0-16)  100%        4
e - Fireball              Conj/Fire      0%         3d3       100%        5
f - Silence               Hex/Air        0%         N/A       100%        5
g - Simulacrum            Ice/Necr       0%         N/A       100%        6
h - Starburst             Conj/Fire      0%         6d3       100%        6
i - Storm Form            Tmut/Air       0%         N/A       100%        7
j - Ozocubu's Refrigerat  Ice            0%         4d7       100%        7
k - Borgnjor's Revivific  Necr           0%         N/A       100%        8
l - Summon Horrible Thin  Summ           0%         N/A       100%        8
m - Shatter               Erth           0%         3d5*      100%        9
Your spell library was empty.


Dungeon Overview and Level Annotations

Branches:
Dungeon (15/15)            Temple (0/1) D:4            Lair (5/5) D:8
 Shoals (4/4) Lair:2        Snake (4/4) Lair:2        Slime (5/5) Lair:5
    Orc (2/2) D:11            Elf (3/3) Orc:2        Vaults (4/5) D:14
  Crypt (0/3) Vaults:3     Depths (4/4) D:15            Zot (5/5) Depths:4
Ossuary (visited)           IceCv (visited)         Volcano (visited)
Desolation (visited)

Altars:
Ashenzari
Cheibriados
Dithmenos
Fedhas
Gozag
Hepliaklqana
Okawaru
Ru
Trog
Wu Jian
Xom
Yredelemnul
The Shining One
Jiyva

Shops:
D:6 !   D:11 [(   D:12 (   Orc:1 =   Orc:2 =:?=   Shoals:1 ?   Vaults:1 =
Vaults:2 [   Vaults:3 [[[   Zot:5 **   Depths:1 [   Depths:4 ::=

Portals:
Hell: Depths:1 Depths:2 Depths:3 Depths:4
Abyss: Elf:1 Depths:1 Depths:3
Pandemonium: Depths:1 Depths:2
Ziggurat: Depths:4

Annotations:
D:14 exclusions: ice statue and obsidian statue
Shoals:2 1 runed translucent door, Ceuduph's ghost, adept AtWn
Snake:2 3 runed translucent doors, Asharuyla's ghost, adept MiBe
Slime:5 exclusion: upstairs
Elf:1 2 transporters, Fuonemn's ghost, veteran DDBe
Elf:2 3 runed translucent doors
Zot:5 3 runed translucent doors, exclusion: obsidian statue, Bealaq's ghost, legendary GnFE


Innate Abilities, Weirdness & Mutations

You are immune to sickness and miasma.
You are immune to poison.
Your flesh is very heat resistant. (rF++)
You are vulnerable to cold. (rC-)
You float through the air rather than walking.
You learn spells naturally, not from books.
Your magical power is your life essence.
You have superior vitality. (+4 MHP)
You have supernaturally acute eyesight. (SInv)
Armour fits poorly on your strangely shaped body.
Your body sometimes deteriorates upon taking damage.
You are robust. (+10% HP)


Message History

The Orb Guardian is heavily wounded.
You block the Orb Guardian's attack.
You slash the Orb Guardian! You freeze the Orb Guardian.
The Orb Guardian is severely wounded.
You block the Orb Guardian's attack.
You barely miss the Orb Guardian.
The Orb Guardian is severely wounded.
The Orb Guardian hits you.
You take 5 damage, and have 233/238 hp.
You slice the Orb Guardian!! You freeze the Orb Guardian.
You kill the Orb Guardian!
Trog accepts your kill.
No target in view!
No target in view!
Things that are here:
a +0 dire flail of protection; a +0 plate armour
(D) Dungeon (T) Temple (L) Lair (A) Shoals (P) Snake Pit (M) Slime Pits (O) Orcish Mines (E) Elven Halls (V) Vaults (C) Crypt (U) Depths (H) Hell (Z) Zot
Where to? (Enter - D:1 @ (x,y), ? - help) HP restored.
There is a stone staircase leading up here.
You fly upwards.
There is a stone staircase leading down here.
There is a stone staircase leading up here.
You fly upwards.
There is a stone staircase leading down here.
Your magic seems less tainted.
There is a stone staircase leading up here.
You fly upwards.
There is a stone staircase leading down here.
There is a stone staircase leading up here.
You fly upwards.
There is a stone staircase leading down here.
You see here 9 stones.
There is a large open door here.
There is a staircase leading out of the dungeon here.
Health restored: 238 You have escaped!

....# #..#>##^.....#........
..#(##
#..#§###.#####........
..#..# ##..#≈# #.# #######..
####.## #...#§# #.# ###
#..## #.###'###.#
##..####.#....##.###
######## ##..##..'.8..##...#
#.......
##.....'.8..####.####.######
####..#...@# #......# #
##.###'## #####..######
#...#≈# ##.##.... #...#≈#
#....### ###.#_# #>######
#.#># ### #. #####
#########. #.........
#.........


There were no monsters in sight!

Vanquished Creatures
  the Royal Jelly (Slime:5)
  A dread lich (Zot:5)
  Mara (Shoals:3)
  3 ancient liches (Zot:5)
  An orb of fire (Zot:5)
  A juggernaut (Depths:2)
  A Killer Klown (Zot:5)
  Bai Suzhen (Shoals:3)
  Saint Roka (Vaults:3)
  A caustic shrike (Depths:3)
  Nikola (Vaults:2)
  8 golden dragons
  A bone dragon (Depths:4)
  An electric golem (Zot:5)
  13 tentacled monstrosities
  Zenata (Elf:1)
  5 liches
  A walking crystal tome (Depths:1)
  A deep elf blademaster (Elf:3)
  23 Orb Guardians
  2 walking divine tomes (Depths:3)
  A quicksilver dragon (Zot:5)
  A walking earthen tome (Depths:2)
  2 deep elf master archers (Elf:3)
  4 death cobs
  21 acid blobs
  A titan (Depths:2)
  A shadow dragon (shapeshifter) (Depths:2)
  Polyphemus (Shoals:2)
  Kirke (Snake:1)
  7 sphinxes
  An Executioner (D:5)
  2 shadow dragons
  3 storm dragons (Zot:5)
  4 tengu reavers
  8 fire giants
  A demonspawn warmonger (D:5)
  5 nagarajas (Snake:4)
  2 draconian monks (Depths:4)
  Ilsuiw (Shoals:2)
  3 rockslimes
  10 frost giants
  2 imperial myrmidons (Desolation)
  2 iron dragons
  8 azure jellies
  9 vault wardens
  5 deep elf sorcerers (Elf:3)
  Aizul (Lair:2)
  A curse skull (Elf:1)
  A caustic shrike zombie (Depths:1)
  A draconian shifter (Zot:4)
  3 ghost moths
  4 deep elf elementalists (Elf:3)
  A draconian scorcher (Zot:5)
  A draconian annihilator (Depths:4)
  13 ironbound preservers
  11 quicksilver oozes
  2 orc warlords
  A spriggan defender (Depths:3)
  13 ironbound thunderhulks
  27 very ugly things
  A green draconian (Zot:2)
  12 stone giants
  3 vampire knights
  14 deep elf annihilators
  A black draconian (Zot:5)
  5 white draconians
  A lorocyproca (Zot:3)
  A demonspawn black sun (Zot:3)
  5 deep elf demonologists (Elf:3)
  Azrael (D:12)
  2 halazid warlocks (Desolation)
  10 yellow draconians
  7 spark wasps
  3 purple draconians
  6 dire elephants
  A red draconian (Zot:4)
  8 deep elf death magi
  Snorg (D:10)
  9 fire dragons
  5 merfolk javelineers
  An eidolon (Elf:1)
  2 ragged hierophants (Desolation)
  3 crystal guardians
  A fire dragon (shapeshifter) (Depths:3)
  9 merfolk impalers
  9 ettins
  3 entropy weavers (Vaults:2)
  4 deep elf high priests (Elf:3)
  10 yaktaur captains
  13 servants of whispers
  10 great orbs of eyes
  4 rakshasas
  A hell beast (Depths:1)
  Fannar (D:10)
  6 hydras
  4 salamander tyrants
  12 peacekeepers
  6 ice dragons
  6 anacondas
  11 vault guards
  A caustic shrike simulacrum (IceCv)
  7 merfolk aquamancers
  9 centaur warriors
  12 ironbound frosthearts
  An ogre mage (Vaults:2)
  10 spriggan air magi
  An alligator snapping turtle (Shoals:3)
  19 dancing weapons
  13 naga warriors
  4 two-headed ogres
  5 catoblepae
  7 merfolk avatars
  3 tengu warriors
  A boulder beetle (D:13)
  5 deep troll earth magi
  13 death yaks
  6 spriggan berserkers
  4 deep troll shamans
  2 vampire magi
  5 orc high priests (Orc:2)
  13 naga sharpshooters
  6 hell knights (Depths:1)
  A sun demon (Depths:1)
  10 deep elf knights
  A storm dragon zombie (Depths:1)
  6 shock serpents
  3 soul eaters (Depths:1)
  A shadow wraith (Elf:1)
  5 iron trolls
  5 skysharks
  A sixfirhy (Zot:5)
  16 skeletal warriors
  A golden dragon zombie (D:15)
  39 deep trolls
  2 flayed ghosts
  16 sea snakes
  3 glowing orange brains
  A salamander mystic (Snake:2)
  2 elf simulacra (Elf:1)
  6 naga ritualists
  3 phantasmal warriors
  11 wizards
  3 bog bodies (IceCv)
  A spriggan simulacrum (IceCv)
  16 deep elf archers
  2 obsidian statues
  A kraken simulacrum (Shoals:4)
  A lindwurm (shapeshifter) (Depths:3)
  21 deep elf zephyrmancers
  6 orc knights
  18 ironbound convokers
  Pikel (D:6)
  11 lindwurms
  18 harpies
  A sphinx zombie (D:15)
  A fire giant zombie (D:15)
  24 deep elf pyromancers
  A glowing shapeshifter (Vaults:3)
  2 shining eyes (Slime:5)
  13 salamanders
  8 mana vipers
  11 cyclopes
  48 ugly things
  22 fauns
  6 orc sorcerers
  A stone giant zombie (Depths:1)
  18 manticores
  4 necromancers
  10 merfolk sirens
  A moth of wrath (shapeshifter) (Depths:3)
  A human skeleton (Vaults:4)
  5 moths of wrath
  5 water nymphs
  9 guardian serpents
  20 naga magi
  7 spectral elves (Elf:1)
  A stone giant skeleton (Depths:1)
  2 torpor snails (Lair:5)
  37 black mambas
  14 vault sentinels
  A smoke demon (Depths:1)
  An eye of devastation (Slime:4)
  12 cane toads
  An orange demon (Depths:1)
  An elf skeleton (Vaults:4)
  8 komodo dragons
  6 gargoyles
  2 efreet
  A yaktaur (shapeshifter) (Elf:3)
  2 rime drakes
  36 yaktaurs
  A kobold demonologist (D:14)
  3 anaconda simulacra (IceCv)
  17 freezing wraiths
  2 unseen horrors (D:11)
  8 tengu conjurers
  3 ice devils (IceCv)
  11 trolls
  A golden dragon simulacrum (IceCv)
  6 meliai (D:13)
  A queen bee (D:13)
  19 merfolk
  3 polar bears
  A tarantella (Vaults:2)
  A tarantella (shapeshifter) (Depths:4)
  A hornet (shapeshifter) (D:13)
  7 blink frogs (Lair:2)
  5 wind drakes
  A hornet (D:10)
  64 saltlings
  21 dream sheep
  Grinder (D:3)
  101 slime creatures
  A spriggan zombie (D:15)
  2 flying skulls (Elf:1)
  A jumping spider (shapeshifter) (D:13)
  10 snapping turtles
  3 air elementals
  A culicivora (Vaults:2)
  74 yaks
  3 dire elephant simulacra (IceCv)
  3 wraiths
  A fire bat (D:10)
  8 fire elementals
  A yak (shapeshifter) (Elf:2)
  14 water elementals
  7 wyverns
  3 basilisks
  A golden eye (shapeshifter) (Elf:1)
  Grum (D:10)
  4 redbacks (Vaults:2)
  2 chaos spawn
  2 steam dragons (Lair:2)
  3 vampire mosquitoes (D:6)
  A glowing shapeshifter zombie (Vaults:4)
  2 harpy simulacra (IceCv)
  18 wargs
  57 nagas
  3 acid dragons
  2 hell hounds (Orc:1)
  16 water moccasins
  2 floating eyes
  2 hydra simulacra (IceCv)
  An ettin simulacrum (IceCv)
  A glowing shapeshifter skeleton (Vaults:4)
  17 orc warriors
  4 alligator simulacra (IceCv)
  A sky beast (D:7)
  2 ice beasts
  8 ogres
  10 centaurs
  10 wolves
  2 phantoms
  A lemure (D:6)
  4 kobold brigands
  6 earth elementals
  2 gnoll sergeants
  5 bullfrogs
  2 deep troll simulacra (IceCv)
  14 scorpions
  21 wights
  4 lindwurm simulacra (IceCv)
  26 killer bees
  3 electric eels (Lair:5)
  A howler monkey (D:6)
  2 centaur zombies (Ossuary)
  2 human zombies
  4 jellies (Lair:5)
  30 orc priests
  Crazy Yiuf (D:3)
  A gnoll bouda (D:6)
  4 hounds
  Jessica (D:2)
  Terence (D:3)
  2 iguanas (D:5)
  12 orc wizards
  3 scorpion zombies (Ossuary)
  4 mummies
  21 gnolls
  7 adders
  3 river rats (D:8)
  3 shadow imps (D:7)
  A white imp (D:6)
  An ufetubus (D:7)
  2 dart slugs
  78 orcs
  7 bats
  5 endoplasms
  An endoplasm (shapeshifter) (Depths:2)
  3 giant cockroaches
  2 gnoll zombies (Ossuary)
  9 goblins
  6 hobgoblins
  7 jackals
  16 kobolds
  5 quokkas
  6 ball pythons
  5 frilled lizards
  A goblin zombie (Ossuary)
  4 hobgoblin zombies
  2 kobold zombies
  3 orc zombies (Ossuary)
  13 rats
  2 butterflies (Lair:5)
  A tentacle (Shoals:4)
2141 creatures vanquished.

Vanquished Creatures (collateral kills)
  A caustic shrike (Depths:2)
  A tentacled monstrosity (Depths:3)
  A deep elf blademaster (Elf:3)
  Roxanne (Snake:1)
  2 nagarajas (Snake:4)
  A fire giant (Depths:3)
  A deep elf sorcerer (Elf:3)
  An imperial myrmidon (Desolation)
  An orc warlord (Vaults:4)
  A spriggan defender (Depths:3)
  A merfolk javelineer (Shoals:4)
  2 servants of whispers (Desolation)
  A peacekeeper (Desolation)
  An anaconda (Snake:1)
  A deep troll earth mage (Depths:2)
  A naga sharpshooter (Snake:1)
  4 orc high priests (Orc:2)
  2 shock serpents (Snake:4)
  A sea snake (Shoals:2)
  2 orc knights (Vaults:4)
  2 salamanders
  A merfolk siren (Shoals:2)
  A guardian serpent (Snake:3)
  A vault sentinel (Vaults:4)
  A troll (Orc:2)
  13 saltlings (Desolation)
  4 nagas
  2 orc warriors (Orc:2)
  6 orc priests (Orc:2)
  2 orc wizards (Orc:2)
  9 orcs (Orc:2)
69 creatures vanquished.

Vanquished Creatures (others)
  A lich (Depths:3)
  A nagaraja (Snake:4)
  A fire dragon (Depths:3)
  A merfolk aquamancer (Shoals:4)
  2 deep elf knights
  A black mamba (Snake:1)
  5 humans (Snake:1)
  A butterfly (Lair:2)
  22 fungi
  A lost soul (Elf:1)
  110 plants
  5 tentacles (Shoals:4)
  6 withered plants
157 creatures vanquished.

Grand Total: 2367 creatures vanquished

Notes
Turn   | Place    | Note
-------+----------+-------------------------------------------
     0 | D:1      | Datul the Djinni Fighter began the quest for the Orb.
     0 | D:1      | Reached XP level 1. HP: 20/20 MP: 0/0
   137 | D:1      | Reached XP level 2. HP: 22/25 MP: 0/0
   219 | D:1      | Found a faded altar of an unknown god.
   227 | D:1      | Prayed at the altar of an unknown god.
   227 | D:1      | Became a worshipper of Trog the Wrathful
   227 | D:1      | Reached * piety under Trog
   388 | D:1      | Reached XP level 3. HP: 30/30 MP: 0/0
   388 | D:1      | Learned a level 1 spell: Sting
   810 | D:2      | Reached ** piety under Trog
   813 | D:2      | Noticed Jessica
   822 | D:2      | Killed Jessica
   823 | D:2      | Reached XP level 4. HP: 35/35 MP: 0/0
  1083 | D:2      | Noticed an ogre
  1093 | D:2      | Killed an ogre
  1094 | D:2      | Reached skill level 5 in Long Blades
  1094 | D:2      | Reached XP level 5. HP: 16/40 MP: 0/0
  1094 | D:2      | Learned a level 2 spell: Ensorcelled Hibernation
  1255 | D:3      | Noticed Terence
  1380 | D:3      | Killed Terence
  1381 | D:3      | Reached XP level 6. HP: 46/46 MP: 0/0
  1566 | D:3      | Noticed Grinder
  1582 | D:3      | Killed Grinder
  1583 | D:3      | Reached XP level 7. HP: 38/50 MP: 0/0
  1583 | D:3      | Learned a level 3 spell: Teleport Other
  1784 | D:3      | Found a runed translucent door.
  1785 | D:3      | Noticed Crazy Yiuf
  1795 | D:3      | Killed Crazy Yiuf
  2416 | D:4      | Found a staircase to the Ecumenical Temple.
  2498 | D:4      | Reached *** piety under Trog
  2839 | D:5      | Entered Level 5 of the Dungeon
  2879 | D:5      | Found a shimmering altar of Xom.
  2911 | D:5      | Reached XP level 8. HP: 55/56 MP: 0/0
  3072 | D:5      | Found an iron altar of Okawaru.
  3352 | D:6      | Found Gacro's Distillery.
  3617 | D:6      | Upgraded the game from 0.30-a0-879-ga8ba668304 to
                  | 0.30-a0-881-g1ff12e1e11
  3651 | D:6      | Noticed Pikel
  3677 | D:6      | Killed Pikel
  3678 | D:6      | Reached skill level 10 in Long Blades
  3678 | D:6      | Reached XP level 9. HP: 46/60 MP: 0/0
  3678 | D:6      | Learned a level 4 spell: Airstrike
  4047 | D:6      | Found a bloodstained altar of Trog.
  4708 | D:7      | Noticed a troll
  4724 | D:7      | Killed a troll
  4755 | D:7      | Reached XP level 10. HP: 67/67 MP: 0/0
  4772 | D:7      | Reached **** piety under Trog
  4781 | D:7      | Found a sand-covered staircase.
  4788 | Ossuary  | Entered an ossuary
  5458 | D:7      | Found a glowing golden altar of the Shining One.
  5887 | D:8      | Identified the +0 chain mail of Impermeability {rN+}
  5994 | D:8      | Reached ***** piety under Trog
  6268 | D:8      | Reached XP level 11. HP: 41/74 MP: 0/0
  6268 | D:8      | Learned a level 5 spell: Fireball
  6418 | D:8      | Noticed a death yak
  6418 | D:8      | Noticed a death yak
  6449 | D:8      | Killed a death yak
  6450 | D:8      | Noticed a death yak
  6455 | D:8      | Killed a death yak
  6573 | D:8      | Found a staircase to the Lair.
  6574 | D:8      | Noticed a two-headed ogre
  6590 | D:8      | Killed a two-headed ogre
  6893 | D:8      | Killed a death yak
  7231 | D:9      | Found a sacrificial altar of Ru.
  7944 | D:10     | Entered Level 10 of the Dungeon
  7951 | D:10     | Found a snail-covered altar of Cheibriados.
  7951 | D:10     | Found a broken altar of Ashenzari.
  8012 | D:10     | Noticed Fannar
  8098 | Lair:1   | Entered Level 1 of the Lair of Beasts
  8218 | Lair:1   | Reached skill level 10 in Fighting
  8219 | Lair:1   | Noticed an eight-headed hydra
  8240 | Lair:1   | Killed an eight-headed hydra
  8309 | Lair:1   | Reached XP level 12. HP: 61/92 MP: 0/0
  8708 | Lair:1   | Received a gift from Trog
  9429 | Lair:2   | Found a staircase to the Shoals.
  9482 | Lair:2   | Found a staircase to the Snake Pit.
  9813 | Lair:2   | Reached XP level 13. HP: 88/105 MP: 0/0
  9813 | Lair:2   | Learned a level 5 spell: Silence
 10130 | Lair:2   | Noticed a four-headed hydra
 10148 | Lair:2   | Killed a four-headed hydra
 10214 | Lair:2   | Reached skill level 15 in Fighting
 10422 | Lair:3   | Reached skill level 1 in Dodging
 11321 | Lair:4   | Noticed an eight-headed hydra
 11329 | Lair:4   | Killed an eight-headed hydra
 11344 | Lair:4   | Reached skill level 5 in Armour
 11552 | Lair:4   | Identified the +7 broad axe of Elitism {heavy, Str+5 Dex-4}
                  | (Trog gifted it to you on level 4 of the Lair of Beasts)
 11552 | Lair:4   | Received a gift from Trog
 11580 | Lair:4   | Noticed a catoblepas
 11601 | Lair:4   | Killed a catoblepas
 11602 | Lair:4   | Reached skill level 5 in Dodging
 11882 | Lair:4   | Found the +7 Spriggan's Knife {stab, EV+4 Stlth+}
 12354 | Lair:5   | Entered Level 5 of the Lair of Beasts
 12354 | Lair:5   | Noticed a four-headed hydra
 12360 | Lair:5   | Noticed a catoblepas
 12376 | Lair:5   | Killed a four-headed hydra
 12392 | Lair:5   | Killed a catoblepas
 12686 | Lair:5   | Reached XP level 14. HP: 114/114 MP: 0/0
 13064 | Lair:5   | Found a staircase to the Slime Pits.
 13690 | Lair:5   | Received a gift from Trog
 14434 | D:10     | Killed Fannar
 14435 | D:10     | Reached skill level 10 in Dodging
 14533 | D:10     | Noticed Sonja
 14536 | D:10     | Sonja changed into Sonja the fire bat
 14536 | D:10     | Noticed Sonja
 14556 | D:10     | Reached skill level 10 in Armour
 14556 | D:10     | Killed Sonja the fire bat
 14571 | D:10     | Reached skill level 1 in Throwing
 14601 | D:10     | Noticed Grum
 14608 | D:10     | Killed Grum
 14793 | D:10     | Noticed Snorg
 14805 | D:10     | Killed Snorg
 14924 | D:10     | Found an ornate altar of the Wu Jian Council.
 15236 | D:11     | Reached XP level 15. HP: 117/120 MP: 0/0
 15236 | D:11     | Learned a level 6 spell: Simulacrum
 15238 | D:11     | Found Diacoamp's Weapon Boutique.
 15238 | D:11     | Found a staircase to the Orcish Mines.
 15251 | D:11     | Found Jiuteb's Armour Boutique.
 15587 | D:11     | Received a gift from Trog
 15746 | D:11     | Reached skill level 5 in Throwing
 16097 | Orc:1    | Entered Level 1 of the Orcish Mines
 16185 | Orc:1    | Found a dark tunnel.
 16261 | Orc:1    | Found Byini's Jewellery Shop.
 16293 | Volcano  | Entered a volcano
 16382 | Volcano  | Noticed a stone giant
 16400 | Volcano  | Killed a stone giant
 16841 | Orc:2    | Entered Level 2 of the Orcish Mines
 17021 | Orc:2    | Found a staircase to the Elven Halls.
 17247 | Orc:2    | Received a gift from Trog
 17269 | Orc:2    | Found Veystr Cenero's Book Shop.
 17269 | Orc:2    | Found Berel's Jewellery Emporium.
 17453 | Orc:2    | Noticed an orc warlord
 17488 | Orc:2    | Killed an orc warlord
 17817 | Orc:2    | Found Puygream's Jewellery Shop.
 17817 | Orc:2    | Found Arregun's Magic Scroll Emporium.
 17847 | Orc:2    | Bought a scroll of brand weapon for 133 gold pieces
 17847 | Orc:2    | Bought a scroll of acquirement for 728 gold pieces
 17847 | Orc:2    | Bought a scroll of magic mapping for 105 gold pieces
 17849 | Orc:2    | Acquired a +2 demon blade of electrocution
 18251 | Orc:1    | Bought the ring "Rawapor" {*Corrode rF+ rC++ rN+ Str+6} for
                  | 793 gold pieces
 18309 | D:12     | Found a portal to a secret trove of treasure.
 18421 | D:12     | Found Wereud's Weapon Boutique.
 18467 | D:12     | Noticed Azrael
 18495 | D:12     | Reached skill level 4 in Shields
 18503 | D:12     | Killed Azrael
 18745 | D:12     | Reached skill level 5 in Shields
 19556 | D:13     | Reached skill level 6 in Shields
 19591 | D:13     | Identified the +8 long sword of the Establishment {flame,
                  | Fragile Will+ Dex+4 SInv}
 19939 | D:13     | Reached XP level 16. HP: 129/129 MP: 0/0
 20015 | D:13     | Reached skill level 7 in Shields
 20049 | D:13     | Reached skill level 5 in Evocations
 20049 | D:13     | Reached XP level 17. HP: 134/134 MP: 0/0
 20049 | D:13     | Learned a level 6 spell: Starburst
 20367 | D:14     | Reached skill level 8 in Shields
 20397 | D:14     | Found a frozen archway.
 20418 | IceCv    | Entered an ice cave
 20671 | IceCv    | Reached skill level 9 in Shields
 20847 | IceCv    | Received a gift from Trog
 21053 | IceCv    | Reached skill level 10 in Shields
 21504 | IceCv    | Noticed a lich
 21519 | IceCv    | Killed a lich
 21765 | D:14     | Identified the +7 scale mail of the Butcher {rF+}
 21898 | D:14     | Found a blossoming altar of Fedhas.
 21918 | D:14     | Reached skill level 11 in Shields
 22024 | D:14     | Found a gate to the Vaults.
 22545 | D:15     | Entered Level 15 of the Dungeon
 22558 | D:15     | Reached skill level 12 in Shields
 22607 | D:15     | Found a staircase to the Depths.
 23249 | D:15     | Reached skill level 13 in Shields
 23620 | D:15     | Reached XP level 18. HP: 95/141 MP: 0/0
 24095 | Snake:1  | Entered Level 1 of the Snake Pit
 24095 | Snake:1  | Identified Roxanne's Compendium of Transition
 24095 | Snake:1  | Noticed Roxanne
 24105 | Snake:1  | Killed Roxanne
 24109 | Snake:1  | Reached skill level 14 in Shields
 24111 | Snake:1  | Noticed Aizul
 24125 | Lair:2   | Killed Aizul
 24274 | Snake:1  | Noticed Kirke
 24289 | Snake:1  | Killed Kirke
 24656 | Snake:1  | Reached skill level 15 in Shields
 25348 | Snake:1  | Received a gift from Trog
 25819 | Snake:2  | Found a runed translucent gate.
 25819 | Snake:2  | Found a runed translucent gate.
 25819 | Snake:2  | Found a runed translucent gate.
 25819 | Snake:2  | Noticed Asharuyla's ghost (adept MiBe)
 26055 | Snake:2  | Reached skill level 16 in Shields
 27154 | Snake:3  | Received a gift from Trog
 27580 | Snake:3  | Reached skill level 17 in Shields
 28266 | Snake:3  | Identified the +6 spear of the Five Defenders {freeze, rC-
                  | Int+6 SInv}
 28385 | Snake:3  | Reached XP level 19. HP: 118/147 MP: 0/0
 28385 | Snake:3  | Learned a level 7 spell: Storm Form
 29032 | Snake:4  | Entered Level 4 of the Snake Pit
 29383 | Snake:4  | Received a gift from Trog
 29487 | Snake:4  | Reached skill level 18 in Shields
 31522 | Snake:4  | Reached skill level 19 in Shields
 32010 | Snake:4  | Received a gift from Trog
 32292 | Snake:4  | Got a serpentine rune of Zot
 32472 | Lair:1   | Upgraded the game from 0.30-a0-881-g1ff12e1e11 to
                  | 0.30-a0-883-g5ad918d77d
 32521 | Shoals:1 | Entered Level 1 of the Shoals
 32603 | Shoals:1 | You are sucked into a shaft and drop 1 floor!
 32603 | Shoals:2 | Found a runed translucent door.
 32604 | Shoals:2 | Noticed Ceuduph's ghost (adept AtWn)
 32660 | Shoals:1 | Found Sakunol's Magic Scroll Shoppe.
 33660 | Shoals:1 | Reached skill level 20 in Shields
 33938 | Shoals:2 | Noticed Polyphemus
 33958 | Shoals:2 | Noticed Ilsuiw
 33974 | Shoals:2 | Killed Ilsuiw
 33975 | Shoals:2 | Reached XP level 20. HP: 107/153 MP: 0/0
 33997 | Shoals:2 | Killed Polyphemus
 34525 | Shoals:2 | Received a gift from Trog
 35018 | Shoals:3 | Identified the +5 chain mail of the Hunter {rN+}
 35238 | Shoals:3 | Noticed Mara
 35242 | Shoals:3 | Noticed Datul's illusion
 35381 | Shoals:3 | Noticed Bai Suzhen
 35419 | Shoals:3 | Killed Bai Suzhen
 35696 | Shoals:3 | Reached skill level 10 in Throwing
 35794 | Shoals:3 | Killed Mara
 36323 | Shoals:4 | Entered Level 4 of the Shoals
 36660 | Shoals:4 | Received a gift from Trog
 36809 | Shoals:4 | Got a barnacled rune of Zot
 38445 | Shoals:4 | Reached XP level 21. HP: 155/162 MP: 0/0
 38445 | Shoals:4 | Learned a level 7 spell: Ozocubu's Refrigeration
 38773 | Shoals:4 | Identified the ring "Ylaex" {Wiz rN+ Slay+3}
 40021 | Orc:2    | Bought a scroll of fear for 56 gold pieces
 40021 | Orc:2    | Bought a scroll of enchant weapon for 105 gold pieces
 40076 | D:11     | Acquired the +1 pair of gloves "Koceisot" {Slay+2}
 40178 | Vaults:1 | Entered Level 1 of the Vaults
 40339 | Vaults:1 | Received a gift from Trog
 40488 | Vaults:1 | Found Efexyffe's Jewellery Boutique.
 40553 | Vaults:1 | Found a crumbling gateway.
 40585 | Desolati | Entered the Desolation of Salt
 40858 | Desolati | Reached skill level 15 in Long Blades
 40948 | Desolati | Identified the +8 dire flail "Qil Selini" {flame, *Corrode
                  | rF+ Str+3}
 40972 | Desolati | Received a gift from Trog
 41336 | Desolati | Identified the ring "Igipuvaf" {rN+ Str+4}
 41352 | Desolati | Identified the ring of Nanuwyech {Will+ Str+4}
 41370 | Desolati | Identified the ring "Giloff" {rN+ SInv}
 41374 | Desolati | Identified the +2 battleaxe of Oily Forgiveness {drain,
                  | *Noise rPois Dex+3}
 41710 | Desolati | Identified the +1 ring mail "Qabatud" {+Inv rC+ rCorr Str-5
                  | Int-2}
 41826 | Desolati | Identified the ring of the Gloaming {rElec rC- rN+ Int+5
                  | Dex-4}
 41827 | Desolati | Identified the +7 dire flail of the Oracle {venom, rF+
                  | Dex+5}
 42104 | Desolati | Received a gift from Trog
 42146 | Desolati | Identified the +1 helmet "Asiu" {Int+3}
 42306 | Desolati | Identified the ring "Punatob" {rPois rF+ Str+5}
 43416 | Vaults:1 | Reached XP level 22. HP: 169/169 MP: 0/0
 43430 | Vaults:1 | Reached skill level 21 in Shields
 44182 | Vaults:1 | Received a gift from Trog
 45485 | Vaults:2 | Noticed Nikola
 45498 | Vaults:2 | Killed Nikola
 45499 | Vaults:2 | Reached skill level 22 in Shields
 46344 | Vaults:2 | Found Tinguamn's Armour Shop.
 46406 | Vaults:2 | Received a gift from Trog
 47644 | Vaults:3 | Found Wecw's Armour Boutique.
 48483 | Vaults:3 | Reached XP level 23. HP: 162/175 MP: 0/0
 48483 | Vaults:3 | Learned a level 8 spell: Borgnjor's Revivification
 48833 | Vaults:3 | Noticed Saint Roka
 48835 | Vaults:3 | Reached ****** piety under Trog
 48856 | Vaults:3 | Killed Saint Roka
 49081 | Vaults:3 | Found Wiafod's Antique Armour Shop.
 49088 | Vaults:3 | Bought a faintly humming chain mail for 370 gold pieces
 49088 | Vaults:3 | Identified the +0 chain mail of Dileskoath {Regen+ Int-3
                  | Dex+2} (You bought it in a shop on level 3 of the Vaults)
 49088 | Vaults:3 | Bought a bloodstained helmet for 370 gold pieces
 49088 | Vaults:3 | Identified the +0 helmet of Jazaw {Slay+2} (You bought it
                  | in a shop on level 3 of the Vaults)
 49405 | Vaults:3 | Received a gift from Trog
 49827 | Vaults:3 | Found a staircase to the Crypt.
 49854 | Vaults:3 | Found a basalt altar of Yredelemnul.
 49898 | Vaults:3 | Found Epulawny's Armour Shop.
 51095 | Vaults:4 | Identified the +9 falchion of Trog's Generosity {heavy,
                  | Str+2} (Trog gifted it to you on level 4 of the Vaults)
 51095 | Vaults:4 | Received a gift from Trog
 51264 | Vaults:4 | Acquired the +6 double sword "Jiwnuol" {freeze, Drain rElec
                  | Dex+3 SInv}
 52333 | Elf:1    | Entered Level 1 of the Elven Halls
 52512 | Elf:1    | Received a gift from Trog
 52581 | Elf:1    | Noticed Zenata
 52610 | Elf:1    | Killed Zenata
 52757 | Elf:1    | Found a transporter.
 52816 | Elf:1    | Reached XP level 24. HP: 165/181 MP: 0/0
 52870 | Elf:1    | Noticed Fuonemn's ghost (veteran DDBe)
 53123 | Elf:1    | Received a gift from Trog
 54243 | Elf:1    | Found a transporter.
 54342 | Elf:1    | Found a one-way gate to the infinite horrors of the Abyss.
 54374 | Elf:2    | Paralysed by an air elemental for 1 turns
 55140 | Elf:2    | Found a runed translucent gate.
 55141 | Elf:2    | Found a runed translucent gate.
 55141 | Elf:2    | Found a runed translucent gate.
 55177 | Elf:3    | Entered Level 3 of the Elven Halls
 55657 | Elf:3    | Received a gift from Trog
 56331 | Elf:3    | Identified the ring of Feyxow {+Blink rPois rN+ rCorr
                  | Int-3}
 56356 | Elf:3    | Identified the +0 cloak of Onkimyx {rPois}
 56370 | Elf:3    | Identified the +1 morningstar of the Pyrrhic Victory
                  | {protect, MP+9}
 56373 | Elf:3    | Identified the +3 scale mail of the Fife {Str+4}
 56405 | Elf:3    | Found the ring of the Hare {EV+10}
 56405 | Elf:3    | Found the +10 dark maul {heavy}
 56444 | Elf:3    | Identified the ring of Ywniar {rN++ Int-5 Dex+6}
 56446 | Elf:3    | Identified the +9 great mace of Ebluc {protect, rElec
                  | Str+3}
 56828 | Depths:1 | Entered Level 1 of the Depths
 56894 | Depths:1 | Identified the +1 ring mail "Ycaol" {+Inv rPois Dex-5}
 56925 | Depths:1 | Received a gift from Trog
 56937 | Depths:1 | Reached XP level 25. HP: 193/193 MP: 0/0
 56937 | Depths:1 | Learned a level 8 spell: Summon Horrible Things
 57261 | Depths:1 | Found a gateway to Hell.
 57271 | Depths:1 | Found an iron altar of Okawaru.
 57339 | Depths:1 | Found Odavevaab's Armour Boutique.
 58339 | Depths:1 | Reached skill level 10 in Evocations
 58345 | Depths:1 | Found a one-way gate leading to the halls of Pandemonium.
 58883 | Depths:2 | Noticed a caustic shrike
 58894 | Depths:2 | Received a gift from Trog
 58897 | Depths:2 | Killed a caustic shrike
 59957 | Depths:1 | Upgraded the game from 0.30-a0-883-g5ad918d77d to
                  | 0.30-a0-920-g7493c07aab
 60022 | Depths:2 | Reached skill level 23 in Shields
 60219 | Depths:2 | Noticed a juggernaut
 60235 | Depths:2 | Killed a juggernaut
 61316 | Depths:2 | Received a gift from Trog
 61317 | Depths:2 | Reached skill level 24 in Shields
 61347 | Depths:2 | Reached XP level 26. HP: 104/200 MP: 0/0
 61665 | Depths:2 | Found a shadowy altar of Dithmenos.
 61965 | Depths:2 | Upgraded the game from 0.30-a0-920-g7493c07aab to
                  | 0.30-a0-924-g0ad0bf95bc
 61965 | Depths:2 | Upgraded the game from 0.30-a0-924-g0ad0bf95bc to
                  | 0.30-a0-953-g5f1da4a474
 62704 | Depths:3 | Identified the ring of Hard Scrabble {Wiz rN++ MP+9}
 63025 | Depths:3 | Reached skill level 25 in Shields
 63419 | D:12     | You paid a toll of +5 fire dragon scales to enter a
                  | treasure trove
 63420 | Trove    | Entered a treasure trove
 63424 | Trove    | Identified the +7 chain mail of the Heavens {Will+ Str-3
                  | Int+3 Stlth+}
 63426 | Trove    | Identified the +0 pair of gloves of Xeliel {SInv}
 63430 | Trove    | Identified the +0 pair of gloves of Agoraphobia {rElec rC+}
 63434 | Trove    | Identified the +1 helmet "Cumpaycuco" {Int+3 Dex+2}
 63441 | Trove    | Identified the +1 robe of the Cooper {rElec Dex+2}
 63643 | Depths:3 | Identified the +13 plate armour of Conscience {Str+3}
 64083 | Depths:3 | Received a gift from Trog
 65345 | Depths:4 | Entered Level 4 of the Depths
 65637 | Depths:4 | Found Qammonif's Jewellery Shop.
 65637 | Depths:4 | Found Meobb's Book Shoppe.
 65637 | Depths:4 | Found Zuedghoyk's Book Shoppe.
 65759 | Depths:4 | Found a hazy altar of Hepliaklqana.
 65811 | Depths:4 | Reached skill level 26 in Shields
 66302 | Depths:4 | Found a gate to the Realm of Zot.
 66390 | Depths:4 | Identified the +2 demon blade of Dissent {flame, rPois rF+
                  | rC+ Dex+2} (Trog gifted it to you on level 4 of the Depths)
 66390 | Depths:4 | Received a gift from Trog
 66551 | Depths:4 | Found a one-way gateway to a ziggurat.
 66612 | Depths:4 | Upgraded the game from 0.30-a0-953-g5f1da4a474 to
                  | 0.30-a0-956-gcec3b41aec
 66950 | Slime:1  | Entered Level 1 of the Pits of Slime
 67226 | Slime:2  | Reached XP level 27. HP: 197/205 MP: 0/0
 67226 | Slime:2  | Learned a level 9 spell: Shatter
 67705 | Slime:5  | Entered Level 5 of the Pits of Slime
 67918 | Slime:4  | Received a gift from Trog
 68184 | Slime:5  | Reached skill level 27 in Shields
 68269 | Slime:5  | Gained mutation: You have hidden genetic defects. [a
                  | shining eye]
 68659 | Slime:5  | Found a viscous altar of Jiyva.
 68659 | Slime:5  | Found the +1 cloak of Starlight {*Dazzle EV+4 Stlth--}
 68791 | Slime:5  | Noticed the Royal Jelly
 69229 | Slime:5  | Killed the Royal Jelly
 69659 | Slime:5  | Got a slimy rune of Zot
 69706 | Slime:5  | Identified the +7 glaive of Nujint {holy, rPois Int+2
                  | Dex+4}
 69709 | Slime:5  | Identified the +0 ring mail "Trusted Companion" {rElec rN+
                  | Will+ Str-5}
 69756 | Slime:5  | Identified the +5 scale mail of Eryublar {rN++ Dex-5
                  | Stlth+}
 69800 | Slime:5  | Gained mutation: You are robust. (+10% HP) [a shining eye]
 70000 | D:8      | Upgraded the game from 0.30-a0-956-gcec3b41aec to
                  | 0.30-a0-965-g42e074c17a
 70254 | Zot:1    | Entered Level 1 of the Realm of Zot
 70285 | Zot:1    | Gained mutation: Your body sometimes deteriorates upon
                  | taking damage. [hidden defects]
 70546 | Zot:3    | You are sucked into a shaft and drop 1 floor!
 70657 | Zot:4    | Received a gift from Trog
 70872 | Zot:5    | Entered Level 5 of the Realm of Zot
 71286 | Zot:5    | Found a runed translucent gate.
 71286 | Zot:5    | Found a runed translucent gate.
 71286 | Zot:5    | Found a runed translucent gate.
 71286 | Zot:5    | Found an opulent altar of Gozag.
 71286 | Zot:5    | Noticed Bealaq's ghost (legendary GnFE)
 71288 | Zot:5    | Found Nestruesk's Assorted Antiques.
 71289 | Zot:5    | Found Vuomupux's Assorted Antiques.
 71432 | Zot:5    | Gained mutation: Armour fits poorly on your strangely
                  | shaped body. [hidden defects]
 71432 | Zot:5    | Lost mutation: You have hidden genetic defects. [hidden
                  | defects expressed]
 71747 | Zot:5    | Noticed an ancient lich
 71765 | Zot:5    | Killed an ancient lich
 71851 | Zot:5    | Noticed a Killer Klown
 71868 | Zot:5    | Killed a Killer Klown
 72080 | Zot:5    | Noticed an ancient lich
 72087 | Zot:5    | Noticed a dread lich
 72098 | Zot:5    | Killed an ancient lich
 72114 | Zot:5    | Killed a dread lich
 72204 | Zot:5    | Noticed an orb of fire
 72222 | Zot:5    | Gained mutation: You have supernaturally acute eyesight.
                  | (SInv) [an orb of fire]
 72223 | Zot:5    | Killed an orb of fire
 72347 | Zot:5    | Noticed an ancient lich
 72375 | Zot:5    | Killed an ancient lich
 73019 | Zot:5    | Got the Orb of Zot
 73652 | D:$      | Escaped with the Orb!

Illustrated notes

Levels and vault maps discovered:
D:1:      sevenhm_arrival_forest_fort_small_6, layout_basic,
          ebering_ecumenical_altar_box
D:2:      layout_rooms, minmay_cut_off, uniq_jessica
D:3:      layout_loops_ring, uniq_crazy_yiuf_cottage, uniq_grinder, uniq_terence
D:4:      layout_loops_ring, minmay_temple_entry_ruins
D:5:      layout_rooms, mainiacjoe_overflow_catwalk, overflow_temple_1_default
D:6:      layout_basic, trog_book, serial_shops, nicolae_take_the_stairs,
          uniq_pikel
D:7:      layout_basic, kennysheep_mini_moat, nicolae_ossuary_entry_giza,
          roderic_serpentine_path, nicolae_fountain_basement
D:8:      layout_gridville, mainiacjoe_overflow_paths, dpeg_lair_monsters,
          chequers_avenue
D:9:      layout_roguey, mainiacjoe_overflow_surrounded_room
D:10:     layout_rooms, lemuel_round_altar, gammafunk_temple_overflow_elements,
          uniq_grum, uniq_snorg, uniq_sonja, uniq_fannar
D:11:     layout_long_grid, orc_david_3, hangedman_decor_points,
          kennysheep_generic_room_5
D:12:     layout_roguey, serial_shops, nicolae_lakefront_shop, enter_trove_2,
          uniq_azrael
D:13:     layout_rooms, nicolae_looking_at_the_future
D:14:     layout_roguey, erik_vaults_1, old_standard_altar,
          portal_ice_cave_entry_pillars_three, minmay_more_statues
D:15:     gammafunk_depths_entry_grave, layout_basic, led_sif_pool
Lair:1:   layout_long_grid, grunt_megastairs_5
Lair:2:   layout_roguey, nicolae_shoals_entry_roost,
          minmay_snake_entry_guardpost_small, lemuel_fruit_fields,
          lemuel_fruit_fields, lemuel_fruit_fields
Lair:3:   layout_gridlike
Lair:4:   layout_loops_ring, serial_forest, infiniplex_forest_corner_2,
          infiniplex_forest_lined_2, infiniplex_forest_lined_corner,
          infiniplex_forest_end_double, infiniplex_forest_straight_1,
          infiniplex_forest_end_2, infiniplex_forest_end_double,
          infiniplex_forest_clump_tiny, nicolae_lair_yak_garden
Lair:5:   evilmike_catoblepas_cave, layout_hall_layers,
          nicolae_slime_entry_field_trip, lemuel_fruit_tree,
          serial_bayou_shore_a, lemuel_fruit_fields
Shoals:1: layout_shoals, serial_shops, nicolae_shop_stone,
          nicolae_shoals_dead_sea_scrolls
Shoals:2: layout_shoals, ebering_ghost_inner_flame, uniq_polyphemus, uniq_ilsuiw
Shoals:3: layout_shoals, uniq_mara, uniq_bai_suzhen
Shoals:4: shoals_end_grunt_ice, layout_shoals, shoals_ilsuiw_ice
Snake:1:  layout_misc_corridors, uniq_roxanne, uniq_aizul, uniq_kirke
Snake:2:  layout_cave_shapes, gammafunk_ghost_split
Snake:3:  layout_cave_town, nicolae_snake_slithery_hallway, serial_bayou_pond_c
Snake:4:  minmay_snake_end_coiled, layout_cave_town,
          nicolae_snake_gridmaze_waves, st_stairs_10
Slime:1:  layout_caves, basic_altar
Slime:2:  layout_caves
Slime:3:  layout_caves
Slime:4:  layout_caves
Slime:5
Orc:1:    layout_caves, serial_shops, shop_coins, enter_volcano_3, mines5_lemuel
Orc:2:    st_orc_town, layout_caves
Elf:1:    nicolae_elf_arrival_no_cutting_in_line, layout_loops_corners,
          gammafunk_ghost_abyssal_escape, minmay_elf_annihilation,
          nicolae_elf_deep_mausoleum, uniq_zenata
Elf:2:    nicolae_elf_blades_crystal_corner, layout_loops_ring
Elf:3:    minmay_elf_hall_four_x, layout_geoelf_diagonals, basic_altar,
          serial_glass, glass_columns_a, glass_columns_a
Vaults:1: portal_desolation_entry_nicolae_nacl, dpeg_vaults_monster_box,
          hangedman_vaults_slice, nicolae_vaults_stairing_the_circle,
          v_pattern_3, v_misc_28, hangedman_vaults_stitches,
          nicolae_vaults_statue_guard, layout_vaults_omnigrid, serial_shops,
          nicolae_shop_stone
Vaults:2: ontoclasm_vaults_eye, hangedman_vaults_pinch,
          nicolae_vaults_three_branches, vaults_room_stairs_pillars,
          vaults_room_pools, vaults_mumra_chevron, v_rooms_4, v_pattern_4,
          nicolae_vaults_display_case, v_misc_17, nicolae_vaults_what_the_h,
          layout_vaults_omnibox, serial_shops, nicolae_lakefront_shop,
          uniq_nikola
Vaults:3: hangedman_vaults_restitches, vaults_mumra_minichess_inversion,
          minmay_crypt_entry_necro_gods, st_cross, vaults_dpeg_hooks, v_misc_27,
          hangedman_vaults_slice, nicolae_vaults_little_squares_1,
          nicolae_vaults_big_angled_halls, dpeg_vaults_monster_row,
          vaults_room_semicircle, ontoclasm_vaults_decontamination,
          layout_vaults_big_room, serial_shops, shop, shop, nicolae_square_shop,
          uniq_saint_roka
Vaults:4: ontoclasm_vaults_bender, v_misc_3, vaults_room_grunt_arrival_ludios,
          v_misc_30, serial_ice_h, ontoclasm_vaults_misaligned,
          nicolae_vaults_network_barrier, hangedman_vaults_stream, v_misc_32,
          vaults_room_fancy_cross, nicolae_vaults_ring_of_whatevers,
          grunt_vaults_diagonal, layout_vaults_maze_bifur
Depths:1: layout_gridlike, grunt_pan_entry_zigzag, hell_entry, abyss_entry,
          okawaru_ov_weapons_minmay, serial_shops, nicolae_shop_waterfront,
          nicolae_benzene_ring, dk_noncrumbling_3
Depths:2: minmay_central_circle, layout_gridlike,
          nicolae_dithmenos_shadow_blocks, hell_entry, pan_entry,
          grunt_megastairs_4
Depths:3: minmay_the_grid_square_5x5_5x5_mashed
          [minmay_the_grid_square_5x5_tetrominoes, minmay_the_grid_square_5x5_n,
          minmay_the_grid_square_5x5_three, minmay_the_grid_square_5x5_one_wall,
          minmay_the_grid_square_5x5_percent, minmay_the_grid_square_5x5_forky,
          minmay_the_grid_square_5x5_prize_snowflake,
          minmay_the_grid_square_5x5_half_checkered,
          minmay_the_grid_square_5x5_prize_rear_guard,
          minmay_the_grid_square_5x5_beaten_path,
          minmay_the_grid_square_5x5_lines, minmay_the_grid_square_5x5_shrine1,
          minmay_the_grid_square_5x5_prize_junk,
          minmay_the_grid_square_5x5_n_small,
          minmay_the_grid_square_5x5_doubleslash,
          minmay_the_grid_square_5x5_comb,
          minmay_the_grid_square_5x5_prize_pseudospiral,
          minmay_the_grid_square_5x5_checkered_sparse,
          minmay_the_grid_square_5x5_prize_gold, minmay_the_grid_square_5x5_two,
          minmay_the_grid_square_5x5_six_small,
          minmay_the_grid_square_5x5_tri_point,
          minmay_the_grid_square_5x5_trominoes,
          minmay_the_grid_square_5x5_inner_v, minmay_the_grid_square_5x5_tie],
          layout_small_grid, abyss_entry_small_statue_room, hell_entry,
          minmay_crystal_room, infiniplex_staircase_pillars_3b
Depths:4: grunt_zot_entry_funnels, layout_gridlike, enter_ziggurat_e,
          nicolae_hepliaklqana_hazy_memory, hangedman_coc_ice_floe,
          minmay_misc_feat_plants, minmay_shop_grove
Zot:1:    layout_cathedral_of_symmetry, hangedman_swamp_dais, uniq_josephina,
          uniq_tiamat
Zot:2:    layout_misc_corridors, grunt_megastairs_1
Zot:3:    nicolae_moth_party, layout_misc_corridors
Zot:4:    layout_basic, hangedman_spider_trapstep
Zot:5:    layout_concentric_octagons, ebering_ghost_gozag

Skill      XL: |  1  2  3  4  5  6  7  8  9 10 11 12 13 14 15 16 17 18 19 20 21 22 23 24 25 26 27 |
---------------+----------------------------------------------------------------------------------+-----
Long Blades    | 2 4 5 6 7 10 12 14 16 | 16.0
Fighting       | 4 10 14 15 16 17 18 19 20 23 | 23.9
Dodging        | 6 10 11 14 | 14.0
Armour         | 7 10 11 12 | 12.0
Throwing       | 4 6 7 10 11 14 | 14.0
Shields        | 6 7 13 17 20 22 24 26 27 | 27.0
Evocations     | 5 8 12 | 12.0

Action                     |  1- 3 |  4- 6 |  7- 9 | 10-12 | 13-15 | 16-18 | 19-21 | 22-24 | 25-27 || total
---------------------------+-------+-------+-------+-------+-------+-------+-------+-------+-------++-------
  Melee: Long sword        |    52 |       |    17 |       |    26 |  1136 |  1890 |  1044 |       ||  4165
         Dagger            |    29 |    73 |   307 |   190 |   312 |       |       |       |       ||   911
         Scimitar          |       |       |     3 |   534 |   570 |       |       |       |       ||  1107
         Unarmed           |       |       |       |     1 |       |       |       |       |       ||     1
         Knife             |       |       |       |       |    27 |       |       |       |       ||    27
         Great sword       |       |       |       |       |   278 |       |       |       |       ||   278
         Demon blade       |       |       |       |       |   191 |    53 |       |       |       ||   244
         Double sword      |       |       |       |       |       |       |       |   642 |  2199 ||  2841
  Throw: Throwing net      |       |     1 |       |       |       |       |       |       |       ||     1
         Dart              |       |       |    12 |    10 |    17 |     3 |     1 |       |       ||    43
         Javelin           |       |       |       |       |       |     3 |    19 |    23 |    23 ||    68
         Boomerang         |       |       |       |       |       |       |    19 |   106 |   195 ||   320
 Invoke: Berserk           |       |     1 |     4 |     7 |    12 |     7 |     7 |     5 |     3 ||    46
         Trog's Hand       |       |       |       |       |     9 |     4 |     8 |       |     1 ||    22
         Brothers in Arms  |       |       |       |       |     4 |     1 |    10 |     2 |     2 ||    19
Ability: Evoke Blink       |       |       |       |       |       |       |       |       |     1 ||     1
  Evoke: Wand              |       |     1 |       |     6 |    22 |     9 |    19 |     1 |     3 ||    61
         Tin of tremorston |       |       |       |       |     2 |       |     3 |     6 |     5 ||    16
         Box of beasts     |       |       |       |       |     1 |       |     1 |     2 |     1 ||     5
         Lightning rod     |       |       |       |       |       |     6 |     5 |     3 |       ||    14
         Phial of floods   |       |       |       |       |       |       |     3 |     3 |     1 ||     7
         Condenser vane    |       |       |       |       |       |       |       |     2 |     6 ||     8
         Phantom mirror    |       |       |       |       |       |       |       |       |     2 ||     2
    Use: Scroll            |       |       |     6 |     2 |    25 |     5 |    14 |     7 |    32 ||    91
         Potion            |       |       |     1 |       |     1 |     3 |    11 |     5 |     3 ||    24
   Stab: Invisible         |       |     1 |       |     2 |     7 |     2 |     2 |       |     6 ||    20
         Petrified         |       |       |       |       |     3 |       |       |       |       ||     3
         Distracted        |       |       |       |       |       |     1 |       |     1 |       ||     2
         Sleeping          |       |       |       |       |       |       |     2 |       |       ||     2
         Paralysed         |       |       |       |       |       |       |     2 |       |       ||     2
 Armour: Scale mail        |    20 |     3 |    91 |   147 |   353 |    11 |       |       |       ||   625
         Ring mail         |    11 |    20 |       |       |       |   172 |    61 |       |       ||   264
         Chain mail        |       |       |       |       |       |       |   175 |   185 |    58 ||   418
         Skin              |       |       |       |       |       |       |       |     4 |       ||     4
         Gold dragon scale |       |       |       |       |       |       |       |       |   268 ||   268
  Dodge: Dodged            |    28 |    27 |    77 |   157 |   704 |   579 |   412 |   293 |   495 ||  2772
  Block: Buckler           |    13 |    16 |    53 |   131 |   219 |   567 |    20 |       |       ||  1019
         Reflection        |       |       |       |       |       |    32 |   164 |   148 |    51 ||   395
         Tower shield      |       |       |       |       |       |       |  2223 |  1700 |  2215 ||  6138
         Other             |       |       |       |       |       |       |     3 |       |       ||     3

Table legend: (Time is in decaauts)
 A = Elapsed time spent in this place.
 B = Non-inter-level travel time spent in this place.
 C = Inter-level travel time spent in this place.
 D = Time resting spent in this place.
 E = Time spent auto-exploring this place.
 F = Levels seen in this place.
 G = Mean time per level.
                   A        B        C        D        E       F      G
               +--------+--------+--------+--------+--------+-----+--------+
         Total |  71799 |  65350 |   6449 |  20226 |  23989 |  56 | 1282.1 |
       Dungeon |  15433 |  13040 |   2393 |   1810 |   7219 |  15 | 1028.9 |
          Lair |   6721 |   5898 |    823 |    992 |   3079 |   5 | 1344.2 |
        Shoals |   6850 |   6431 |    419 |   2175 |   2099 |   4 | 1712.5 |
     Snake Pit |   7913 |   7487 |    426 |   3003 |   2295 |   4 | 1978.2 |
    Slime Pits |   2800 |   2708 |     92 |   1392 |    121 |   5 |  560.0 |
  Orcish Mines |   2031 |   1592 |    439 |    123 |    773 |   2 | 1015.5 |
   Elven Halls |   4212 |   3957 |    255 |    985 |   1708 |   3 | 1404.0 |
        Vaults |   9729 |   9023 |    706 |   3813 |   2741 |   4 | 2432.2 |
        Depths |   9410 |   8738 |    672 |   3694 |   2869 |   4 | 2352.5 |
           Zot |   2770 |   2550 |    220 |   1006 |    375 |   5 |  554.0 |
         Trove |     29 |     29 |      0 |      0 |      2 |   1 |   29.0 |
       Ossuary |    375 |    375 |      0 |     13 |     33 |   1 |  375.0 |
      Ice Cave |   1255 |   1255 |      0 |    403 |    234 |   1 | 1255.0 |
       Volcano |    289 |    289 |      0 |     22 |     93 |   1 |  289.0 |
    Desolation |   1974 |   1974 |      0 |    790 |    347 |   1 | 1974.0 |
               +--------+--------+--------+--------+--------+-----+--------+

Top non-repeatable levels by time:
Depths:1: 3311 daAuts
 Snake:4: 3050 daAuts
Depths:2: 3033 daAuts
Vaults:2: 2676 daAuts
Vaults:3: 2586 daAuts
Vaults:1: 2501 daAuts
Shoals:4: 2144 daAuts
   Zot:5: 2100 daAuts
   Elf:1: 2050 daAuts
Desolation: 1974 daAuts
Vaults:4: 1965 daAuts
Shoals:3: 1905 daAuts
 Snake:2: 1882 daAuts
  Lair:5: 1823 daAuts
Depths:3: 1749 daAuts
